 Dungeon Crawl Stone Soup version 0.29-a0-841-g116ddc6ace (webtiles) character file.

Game seed: 15814084188981595958

757 magipi the Poker (level 7, -5/55 HPs)
             Began as a Merfolk Berserker on July 14, 2022.
             Was a Believer of Trog.
             Killed by divine providence
             ... invoked by an orc priest
              (14 damage)
             ... on level 6 of the Dungeon.
             The game lasted 00:10:15 (4772 turns).

magipi the Poker (Merfolk Berserker)                Turns: 4772, Time: 00:10:15

Health: -5/55      AC:  9    Str: 19    XL:     7   Next: 79%
Magic:  7/7        EV:  8    Int:  7    God:    Trog [**....]
Gold:   103        SH: 11    Dex: 13    Spells: 6/6 levels left

rFire   . . .      SeeInvis .   a - +0 trident
rCold   . . .      Faith    .   C - +0 tower shield
rNeg    . . .      Spirit   .   j - +0 chain mail
rPois   +          Reflect  .   (no helmet)
rElec   .          Harm     .   (no cloak)
rCorr   .          Rampage  .   (no gloves)
Will    .....                   (no boots)
Stlth   ..........              (no amulet)
HPRegen 0.18/turn               w - +4 ring of evasion
MPRegen 0.10/turn               p - ring of poison resistance

@: on berserk cooldown
A: (nimble swimmer 2), mertail
a: Renounce Religion, Berserk, Trog's Hand


You were on level 6 of the Dungeon.
You worshipped Trog.
Trog was pleased with you.
You visited 1 branch of the dungeon, and saw 6 of its levels.

You collected 103 gold pieces.

Inventory:

Hand Weapons
 a - a +0 trident (weapon)
   (You found it on level 4 of the Dungeon)
Missiles
 u - a throwing net (quivered)
Armour
 j - a +0 chain mail (worn)
   (You took it off Terence on level 2 of the Dungeon)
 C - a +0 tower shield (worn)
   (You found it on level 6 of the Dungeon)
Jewellery
 p - a ring of poison resistance (right hand)
   (You found it on level 5 of the Dungeon)
 w - a +4 ring of evasion (left hand)
   (You found it on level 4 of the Dungeon)
Wands
 h - a wand of roots (8)
   (You took it off a goblin on level 3 of the Dungeon)
 i - a wand of flame (19)
   (You took it off Terence on level 2 of the Dungeon)
 m - a wand of digging (1)
   (You found it on level 2 of the Dungeon)
Scrolls
 b - a scroll of blinking {unknown}
 c - 5 scrolls of teleportation {unknown}
 e - a scroll of fear {unknown}
 f - a scroll of torment {unknown}
 g - 2 scrolls of summoning {unknown}
 l - 2 scrolls of identify {unknown}
 n - a scroll of immolation {unknown}
 r - a scroll of silence {unknown}
 t - 2 scrolls of magic mapping {unknown}
 v - a scroll of fog {unknown}
 y - 2 scrolls of enchant weapon {unknown}
 B - a scroll of vulnerability {unknown}
Potions
 d - 3 potions of mutation {unknown}
 k - 4 potions of curing {unknown}
 o - a potion of heal wounds {unknown}
 q - 2 potions of might {unknown}
 s - a potion of lignification {unknown}
 x - 2 potions of attraction {unknown}
 z - a potion of haste {unknown}
 A - a potion of flight {unknown}


   Skills:
 + Level 4.7 Fighting
 * Level 7.3 Polearms
 + Level 2.2 Throwing
 + Level 2.8 Armour
 + Level 5.0 Dodging
 + Level 0.9 Shields
 + Level 2.3 Evocations


You had 6 spell levels left.
You didn't know any spells.
Your spell library was empty.

Dungeon Overview and Level Annotations

Branches:
Dungeon (6/15)             Temple (0/1) D:5

Altars:
Ashenzari
Cheibriados

Shops:
D:5 !


Innate Abilities, Weirdness & Mutations

((You are very nimble when in or above water. (Stealth+, EV+, Speed+++)))
Your lower body shifts to a powerful aquatic tail in water.


Message History

You hit the scorpion.
The scorpion is moderately wounded.
You feel sick. The bullfrog misses you. You block the scorpion's attack.
You puncture the bullfrog!
You kill the bullfrog!
Trog accepts your kill. You block the scorpion's attack.
Your Dodging skill increases to level 5!
You puncture the scorpion!
The scorpion is severely wounded.
You feel sick. You block the scorpion's attack.
You puncture the scorpion!
You kill the scorpion!
Trog accepts your kill.
You feel sick.
You are no longer poisoned.
You feel a strong urge to attack something.
You feel your anger nearly subside.
You are no longer berserk.
You are exhausted.
You feel yourself slow down.
You start resting.
An orc priest comes into view. It is wielding a +0 hand axe.
The orc priest looks satisfied for a moment.
An orc comes into view. It is wielding a +0 whip.
The orc shouts!
The orc priest calls down the wrath of Beogh upon you.
You struggle to resist.
An orc comes into view. It is wielding a +0 club.
An orc comes into view. It is wielding a +0 flail.
You closely miss the orc priest.
The orc shouts!
The orc priest invokes the aid of Beogh against you.
Pain shoots through your body!
The orc priest hits you but does no damage.
Unknown command.
You hit the orc priest but do no damage.
You block the orc priest's attack.
The orc priest hits you but does no damage.
Unknown command.
You closely miss the orc priest.
The orc priest hits you with a +0 hand axe.
You block the orc's attack. x2
The orc priest hits you but does no damage.
You closely miss the orc priest. You block the orc priest's attack.
The orc hits you but does no damage. The orc hits you with a +0 whip.
The orc throws a boomerang.
The boomerang hits you.
The orc priest hits you but does no damage.
Unknown command.
You closely miss the orc priest.
The orc priest invokes the aid of Beogh against you.
You struggle to resist.
The orc throws a boomerang.
The boomerang hits you but does no damage.
You block the orc's attack. x2
The orc priest hits you with a +0 hand axe.
You hit the orc priest.
The orc priest is lightly wounded.
You block the orc priest's attack. The orc hits you but does no damage.
You block the orc's attack. The orc hits you but does no damage.
The orc hits you with a +0 flail.
* * * LOW HITPOINT WARNING * * *
The orc barely misses you.
The orc priest hits you but does no damage.
Unknown command.
Unknown command.
You hit the orc priest.
The orc priest is moderately wounded.
You feel yourself speed up. You block the orc priest's attack.
The orc hits you but does no damage. x2
The orc hits you with a +0 flail.
* * * LOW HITPOINT WARNING * * *
The orc priest misses you. The orc completely misses you.
You block the orc's attack. The orc hits you but does no damage.
Unknown command.
Okay, then.
Unknown command.
You hit the orc priest.
The orc priest is severely wounded.
The orc closely misses you. You block the orc priest's attack.
You block the orc's attack. x2; The orc closely misses you.
The orc completely misses you. The orc closely misses you.
The orc priest invokes the aid of Beogh against you.
Pain shoots through your body!
* * * LOW HITPOINT WARNING * * *
Unknown command.
You completely miss the orc priest.
The orc priest is severely wounded.
The orc priest hits you with a +0 hand axe.
* * * LOW HITPOINT WARNING * * *
You block the orc's attack. x2; The orc hits you but does no damage.
Unknown command.
Unknown command.
You hit the orc priest but do no damage.
The orc priest is severely wounded.
The orc priest hits you but does no damage.
The orc hits you but does no damage. You block the orc's attack.
The orc barely misses you. You block the orc's attack.
The orc hits you but does no damage.
The orc priest invokes the aid of Beogh against you.
Beogh smites you!
You die...

##...## ###..## ##### ##..#
####...## ##..
##.......########..
##....#..........##. ..#
##...#.............## ...##
##..o#..............##
.....#######...#@..............##
.....>.........ooo.............#
..............................##
.............................##
............................##
.....>.....................## #
......†...................## ##
......†..................## #≈
........................## #≈


You could see an orc priest and 3 orcs.

Vanquished Creatures
  An ogre (D:5)
  A bullfrog (D:6)
  A necrophage (D:5)
  4 scorpions
  2 howler monkeys
  A hound (D:5)
  Terence (D:2)
  2 iguanas (D:5)
  3 gnolls (D:5)
  An adder (D:2)
  3 ufetubi
  A dart slug (D:1)
  7 orcs
  3 ball pythons
  2 endoplasms
  4 giant cockroaches
  7 goblins
  3 hobgoblins
  5 jackals
  5 kobolds
  3 quokkas
  9 bats
  5 frilled lizards
  10 rats
84 creatures vanquished.

Vanquished Creatures (others)
  A plant (D:4)
1 creature vanquished.

Grand Total: 85 creatures vanquished

Notes
Turn   | Place    | Note
-------+----------+-------------------------------------------
     0 | D:1      | magipi the Merfolk Berserker began the quest for the Orb.
     0 | D:1      | Reached XP level 1. HP: 18/18 MP: 1/1
   216 | D:1      | Reached XP level 2. HP: 21/24 MP: 2/2
   542 | D:1      | Reached XP level 3. HP: 26/29 MP: 3/3
   671 | D:1      | Found a faded altar of an unknown god.
   837 | D:2      | Reached ** piety under Trog
   898 | D:2      | Noticed Terence
   908 | D:2      | Killed Terence
   909 | D:2      | Reached skill level 5 in Polearms
   909 | D:2      | Reached XP level 4. HP: 37/37 MP: 4/4
   958 | D:2      | You fall into a shaft and drop 1 floor!
  2128 | D:4      | Noticed a scorpion
  2137 | D:4      | Killed a scorpion
  2138 | D:4      | Reached XP level 5. HP: 42/42 MP: 5/5
  2548 | D:4      | Found a snail-covered altar of Cheibriados.
  2747 | D:5      | Entered Level 5 of the Dungeon
  2823 | D:5      | Reached skill level 1 in Throwing
  2823 | D:5      | Reached skill level 1 in Evocations
  2931 | D:5      | Reached skill level 6 in Polearms
  2931 | D:5      | Reached XP level 6. HP: 48/48 MP: 6/6
  3148 | D:5      | Found Feuph's Distillery.
  3319 | D:5      | Reached XP level 7. HP: 46/55 MP: 7/7
  3446 | D:5      | Found a staircase to the Ecumenical Temple.
  4182 | D:6      | Found a broken altar of Ashenzari.
  4488 | D:6      | Reached skill level 7 in Polearms
  4744 | D:6      | Reached skill level 5 in Dodging
  4772 | D:6      | Killed from afar by an orc priest

Illustrated notes

Levels and vault maps discovered:
D:1:      elethiomel_arrival_infinity_welcomes_careful_drivers, layout_rooms,
          basic_ecumenical_altar
D:2:      layout_rooms, serial_glass, glass_columns_b, glass_columns_c,
          glass_columns_a, glass_columns_a, uniq_terence
D:3:      layout_basic, chequers_serial_rivers_marsh
D:4:      layout_basic, mainiacjoe_overflow_chevrons
D:5:      layout_layer_cave, temple_doors_cd, serial_shops,
          nicolae_take_the_stairs, minmay_misc_feat_hallway
D:6:      layout_layer_cave, evilmike_ruin_ashenzari, nicolae_underground_beach

Skill      XL: |  1  2  3  4  5  6  7 |
---------------+----------------------+-----
Dodging        | 3 4 5 |  5.0
Polearms       | 5 6 7 |  7.3
Armour         | 2 |  2.8
Fighting       | 4 |  4.7
Throwing       | 1 2 |  2.2
Evocations     | 1 2 |  2.3
Shields        | |  0.9

Action                   |  1- 3 |  4- 6 |  7- 9 || total
-------------------------+-------+-------+-------++-------
Melee: Spear             |   113 |    80 |       ||   193
       Punch             |     1 |       |       ||     1
       Trident           |       |    84 |    64 ||   148
Invok: Berserk           |     1 |     4 |     2 ||     7
Armor: Animal skin       |    10 |       |       ||    10
       Ring mail         |    11 |       |       ||    11
       Chain mail        |       |    52 |    34 ||    86
Dodge: Dodged            |    73 |    57 |    26 ||   156
Block: Buckler           |       |    13 |     5 ||    18
       Tower shield      |       |       |    43 ||    43

Table legend: (Time is in decaauts)
 A = Elapsed time spent in this place.
 B = Non-inter-level travel time spent in this place.
 C = Inter-level travel time spent in this place.
 D = Time resting spent in this place.
 E = Time spent auto-exploring this place.
 F = Levels seen in this place.
 G = Mean time per level.
                   A        B        C        D        E       F      G
               +--------+--------+--------+--------+--------+-----+--------+
         Total |   4820 |   4697 |    123 |    613 |   2427 |   6 |  803.3 |
       Dungeon |   4820 |   4697 |    123 |    613 |   2427 |   6 |  803.3 |
               +--------+--------+--------+--------+--------+-----+--------+

Top non-repeatable levels by time:
     D:5: 1385 daAuts
     D:1: 815 daAuts
     D:4: 781 daAuts
     D:3: 721 daAuts
     D:6: 651 daAuts
     D:2: 464 daAuts
